 Dungeon Crawl Stone Soup version 0.24.0-41-g2ae2f7f1be (webtiles) character file.

Game seed: 12066531757907272613, levelgen mode: deterministic

25 Descartes the Ducker (level 2, -3/14 HPs)
             Began as a Felid Monk on Dec 11, 2019.
             Slain by an adder (5 damage)
             ... on level 1 of the Dungeon.
             The game lasted 00:01:33 (1471 turns).

Descartes the Ducker (Felid Monk)                   Turns: 1471, Time: 00:01:34

Health: -3/14      AC:  1    Str:  7    XL:     2   Next: 86%
Magic:  3/3        EV: 20    Int: 11    God:
Gold:   16         SH:  0    Dex: 18    Spells: 1/1 levels left
                                        Lives:  0   Deaths: 0

rFire    . . .     SeeInvis +     - Unarmed
rCold    . . .     Gourm    .   (shield unavailable)
rNeg     . . .     Faith    .   (armour unavailable)
rPois    .         Spirit   .   (helmet unavailable)
rElec    .         Reflect  .   (cloak unavailable)
rCorr    .         Harm     .   (gloves unavailable)
MR       .....                  (boots unavailable)
Stlth    +++.......             (no amulet)
HPRegen  0.04/turn              (no ring)
MPRegen  0.08/turn              (no ring)

@: lethally poisoned (-3 -> -10), quick
A: very small, no armour, no weapons or thrown items, stealth, claws 1, fangs 3,
see invisible, carnivore, speed 1, shaggy fur 1, slow metabolism 1, sharp paws
a: no special abilities


You were on level 1 of the Dungeon.
You were completely stuffed.

You visited 1 branch of the dungeon, and saw 2 of its levels.

You collected 16 gold pieces.

Inventory:

Missiles
 h - 12 arrows
Jewellery
 d - an uncursed amulet of harm {unknown}
Scrolls
 e - a scroll of fog {unknown}
 g - a scroll of magic mapping {unknown}
Potions
 b - a potion of invisibility {unknown}
 c - 2 potions of brilliance {unknown}
Comestibles
 a - 6 rations
 f - a chunk of flesh


   Skills:
 + Level 3.1 Fighting
 + Level 4.5 Dodging
 + Level 3.1 Stealth
 * Level 3.4 Unarmed Combat


You had one spell level left.
You didn't know any spells.
Your spell library was empty.

Dungeon Overview and Level Annotations

Branches:
Dungeon (2/15)

Altars:


Innate Abilities, Weirdness & Mutations

You cannot wear armour.
You are incapable of wielding weapons or throwing items.
Your paws allow you to move quietly. (Stealth)
You have sharp claws.
You have razor-sharp teeth.
You have supernaturally acute eyesight. (SInv)
You are carnivorous and can eat meat at any time.
You cover ground quickly.
You are covered in fur. (AC +1)
You have a slow metabolism.
Your sharp claws are effective at attacking unaware monsters.


Message History

The hobgoblin misses you.
You scratch the hobgoblin but do no damage.
The hobgoblin closely misses you.
You scratch the hobgoblin. You bite the hobgoblin.
You kill the hobgoblin!
You miss the adder. You bite the adder.
The adder is lightly wounded.
The adder misses you. The adder bites you.
* * * LOW HITPOINT WARNING * * *
You are lethally poisoned!
The adder poisons you!
* * * LOW HITPOINT WARNING * * *
You feel sick.
You scratch the adder.
The adder is lightly wounded.
The adder closely misses you.
You scratch the adder.
The adder is moderately wounded.
The adder bites you.
You die...

#.##......##.#.####.#
#.##.#..#.##.#.#.....
#.......#.##.#.#.##.#
####.##.............#
#.##############..
#.# ####.. #.#
########..... ###.#
#..>..##.###.
####.)@##
#.....##.###.
#.....S.#
#............
#.##.##.#
#.....##.....
#.##.##.#
#.....##...รท.
#.##....#
#########....
#.#####># #......
#....)..# #.#....
#######.# #.#.... #.#
#.##...


You could see an adder.

Vanquished Creatures
  2 bats (D:1)
  A giant cockroach (D:1)
  A goblin (D:1)
  4 hobgoblins (D:1)
  7 jackals (D:1)
  2 frilled lizards (D:1)
  3 kobolds (D:1)
  3 rats (D:1)
23 creatures vanquished.

Notes
Turn   | Place    | Note
-------+----------+-------------------------------------------
     0 | D:1      | Descartes the Felid Monk began the quest for the Orb.
     0 | D:1      | Reached XP level 1. HP: 10/10 MP: 2/2
   441 | D:1      | Reached XP level 2. HP: 4/14 MP: 3/3
  1471 | D:1      | Slain by an adder

Levels and vault maps discovered:
D:1:      scummos_arrival_forest, layout_loops_cross
D:2:      layout_basic

Skill      XL: |  1  2 |
---------------+-------+-----
Stealth        | 3 |  3.1
Fighting       | |  3.1
Dodging        | |  4.5
Unarmed Combat | |  3.4

Action                   || total
-------------------------++-------
Melee: Unarmed           ||    60
       Bite              ||     8
       Punch             ||     1
 Stab: Sleeping          ||     5
  Eat: Chunk             ||     8
Armor: Skin              ||     4
Dodge: Dodged            ||    55
